 Dungeon Crawl Stone Soup version 0.30.0-15-g856e2d3f33 (webtiles) character file.

Game seed: 2553316282617902050

315 qw the Chopper (level 6, -4/38 HPs)
             Began as a Gargoyle Fighter on May 20, 2023.
             Slain by an iguana (6 damage)
             ... on level 4 of the Dungeon.
             The game lasted 00:03:07 (2995 turns).

qw the Chopper (Gargoyle Fighter)                   Turns: 2995, Time: 00:03:07

Health: -4/38      AC: 21    Str: 22    XL:     6   Next: 43%
Magic:  0/6        EV: 10    Int:  8    God:
Gold:   113        SH:  4    Dex:  9    Spells: 5/5 levels left

rFire   . . .        Y - +0 war axe (protect)
rCold   + . .        c - +0 buckler
rNeg    + . .        b - +0 scale mail
rPois   inf          f - +0 helmet
rElec   +            o - +0 cloak
rCorr   .            e - +0 pair of gloves
SInv    .            (no boots)
Will    .....        n - amulet of guardian spirit Stlth
                     g - ring of protection from cold
HPRegen 0.26/turn    (no ring)
MPRegen 0.10/turn

%: guardian spirit
@: about to teleport, under a protective aura
A: sickness immunity, AC +4, negative energy resistance 1, electricity
resistance, torment resistance 1, petrification resistance
a: no special abilities


You were on level 4 of the Dungeon.
You visited 1 branch of the dungeon, and saw 4 of its levels.

You collected 113 gold pieces.


Innate Abilities, Weirdness & Mutations

You are immune to sickness and miasma.
Your stone body is resilient. (AC +4)
You are immune to poison.
You resist negative energy. (rN+)
You are resistant to electric shocks. (rElec)
You are resistant to unholy torment.
You are immune to petrification.


   Skills:
 - Level 4.0 Fighting
 + Level 5.2 Axes
 - Level 3.2 Armour
 - Level 1.7 Dodging
 - Level 3.2 Shields


You had 5 spell levels left.
You didn't know any spells.
Your spell library was empty.

Inventory:

Hand Weapons
 p - a +0 flail
 Y - a +0 war axe of protection (weapon)
Armour
 b - a +0 scale mail (worn)
 c - a +0 buckler (worn)
 e - a +0 pair of gloves (worn)
 f - a +0 helmet (worn)
 o - a +0 cloak (worn)
Jewellery
 g - a ring of protection from cold (left hand)
 n - an amulet of guardian spirit (around neck)
Scrolls
 i - a scroll of teleportation
 k - a scroll of identify
Potions
 a - a potion of cancellation
 d - a potion of might
 m - a potion of heal wounds {unknown}

Dungeon Overview and Level Annotations

Branches:
Dungeon (4/15)
 Temple: D:4-7

Altars:
Okawaru
Ru
Uskayaw


Message History

2995 ||| Propagating distance map at 1,11 (stone_stairs_up_ii)
2995 ||| Ran quit: false
2995 ||| Ran try_ancestor_identity: false
2995 ||| Ran join_beogh: false;
2995 ||| Ran shop: false
2995 ||| Ran pick_up_abyssal_rune: false
2995 ||| Ran lugonu_exit_abyss: false;
2995 ||| Ran exit_abyss: false
2995 ||| Ran stairdance_up: false
2995 ||| Ran special_purification: false
2995 ||| Ran cure_confusion: false;
2995 ||| Ran coward_step: false
2995 ||| Ran flee_step: false
2995 ||| Ran remove_terrible_jewellery: false
2995 ||| Ran teleport: false;
2995 ||| Ran cure_bad_poison: false
2995 ||| Ran cancellation: false;
2995 ||| Ran drain_life: false
2995 ||| Ran heal_wounds: false;
2995 ||| Ran tomb2_arrival: false
2995 ||| Ran tomb3_arrival: false;
2995 ||| Ran cloud_step: false
2995 ||| Ran trogs_hand: false;
2995 ||| Ran haste: false
2995 ||| Ran resistance: false;
2995 ||| Ran magic_points: false
2995 ||| Ran wait_confusion: false;
2995 ||| Ran heroism: false
2995 ||| Ran try_cleansing_flame: false;
2995 ||| Ran brothers_in_arms: false
2995 ||| Ran greater_servant: false;
2995 ||| Ran divine_warrior: false
2995 ||| Ran try_apocalypse: false;
2995 ||| Ran try_slouch: false
2995 ||| Ran try_hydra_destruction: false
2995 ||| Ran grand_finale: false;
2995 ||| Ran wield_weapon: false
2995 ||| Ran swap_weapon: false;
2995 ||| Ran water_step: false
2995 ||| Ran wall_step: false;
2995 ||| Ran zig_fog: false
2995 ||| Ran finesse: false;
2995 ||| Ran fiery_armour: false
2995 ||| Ran try_dig_grate: false;
2995 ||| Ran might: false
2995 ||| Ran blinking: false;
2995 ||| Ran berserk: false
2995 ||| Ran continue_flee: false;
2995 ||| Ran other_step: false
2995 ||| Ran recall: false;
2995 ||| Ran try_recall_ancestor: false
2995 ||| Ran try_recite: false;
2995 ||| Ran emergency: false
2995 ||| Ran starting_spell: false;
2995 ||| Ran poison_spit: false You hit the iguana.
You kill the iguana!
You closely miss the bullfrog. You miss the adder. You closely miss the iguana.
You hit the orc.
2995 ||| Ran melee: true;
2995 ||| Ran attack: nil You block the bullfrog's attack.
The adder bites you but does no damage. The orc barely misses you.
The iguana bites you.
You die...

..##.##.# ..
..#.....###.#
..#.....#..
.........#
#.....(.# #......##
#..Flo..# .
##..S@...# ...
###........##
....#...........#
................#
......)..........##
#.............#...#
#.............##..#
##...........###..>
#.....7.7P.##...


You could see a bullfrog, an iguana, an adder and an orc.

Vanquished Creatures
  A phantom (D:4)
  An orc priest (D:3)
  2 iguanas (D:4)
  A hound zombie (D:3)
  Robin (D:3)
  A howler monkey skeleton (D:3)
  7 adders
  An adder zombie (D:3)
  An adder skeleton (D:3)
  A worm (D:3)
  2 dart slugs (D:1)
  3 orcs
  5 ball pythons
  5 bats
  6 endoplasms
  A giant cockroach (D:1)
  12 goblins
  5 hobgoblins
  2 ball python zombies (D:3)
  6 frilled lizards
  10 kobolds
  5 rats
79 creatures vanquished.

Notes
Turn   | Place    | Note
-------+----------+-------------------------------------------
     0 | D:1      | qw the Gargoyle Fighter began the quest for the Orb.
     0 | D:1      | Reached XP level 1. HP: 14/14 MP: 1/1
     0 | D:1      | 0 ||| qw: Version: 0.2-a-97-g499787f
     0 | D:1      | 0 ||| qw: Game counter: 70
     0 | D:1      | 0 ||| qw: Always use a shield: true
     0 | D:1      | 0 ||| qw: God list: Okawaru
     0 | D:1      | 0 ||| qw: Allow faded altars: false
     0 | D:1      | 0 ||| qw: Do Orc after D:15 true
     0 | D:1      | 0 ||| qw: Do second Lair branch before Depths: true
     0 | D:1      | 0 ||| qw: Lair rune preference: random
     0 | D:1      | 0 ||| qw: Plans: Normal, Zot:1-4, God:TSO, Crypt, Tomb,
                  | Pan, Slime:5, Hells, Abyss, Win
     0 | D:1      | 0 ||| PLANNING D:1-11
   111 | D:1      | Reached skill level 2 in Axes
   376 | D:1      | Reached XP level 2. HP: 14/19 MP: 2/2
   513 | D:1      | Found a faded altar of an unknown god.
   831 | D:1      | Reached skill level 3 in Axes
   963 | D:1      | 963 ||| UPGRADING to ring of protection from cold.
   964 | D:1      | 964 ||| READING 4 scrolls labelled SIYNUA RONLIA.
   965 | D:1      | 965 ||| READING 3 scrolls labelled HAMIUT YFASI.
   969 | D:1      | 969 ||| READING scroll labelled LEURIF WOPOU.
   970 | D:1      | 970 ||| DROPPING 3 scrolls of fear.
  1032 | D:2      | Reached XP level 3. HP: 23/23 MP: 3/3
  1094 | D:2      | 1094 ||| Stepping ~*~*~tactically~*~*~ (hiding).
  1095 | D:2      | 1095 ||| Stepping ~*~*~tactically~*~*~ (hiding).
  1096 | D:2      | 1096 ||| Stepping ~*~*~tactically~*~*~ (hiding).
  1110 | D:2      | 1110 ||| DROPPING +0 club.
  1128 | D:2      | 1128 ||| Stepping ~*~*~tactically~*~*~ (stealth).
  1143 | D:2      | Reached XP level 4. HP: 28/28 MP: 4/4
  1431 | D:2      | 1431 ||| Stepping ~*~*~tactically~*~*~ (hiding).
  1576 | D:2      | 1576 ||| DROPPING orb of energy.
  1577 | D:2      | 1577 ||| UPGRADING to +0 pair of gloves.
  1582 | D:2      | 1582 ||| UPGRADING to amulet of guardian spirit.
  1587 | D:2      | 1587 ||| DROPPING amulet of faith.
  1588 | D:2      | 1588 ||| READING 4 scrolls labelled ZEBBIF LYEGRO.
  1589 | D:2      | 1589 ||| READING scroll labelled XALAOMOMAC.
  1590 | D:2      | 1590 ||| READING 3 scrolls of identify.
  1590 | D:2      | 1590 ||| IDENTIFYING glowing emerald potion
  1591 | D:2      | 1591 ||| READING 2 scrolls of identify.
  1591 | D:2      | 1591 ||| IDENTIFYING orange potion
  1592 | D:2      | 1592 ||| DROPPING potion of degeneration.
  1593 | D:2      | 1593 ||| DROPPING potion of flight.
  1681 | D:3      | Noticed Robin
  1685 | D:3      | Reached skill level 4 in Axes
  1703 | D:3      | Killed Robin
  1889 | D:3      | 1889 ||| Stepping ~*~*~tactically~*~*~ (stealth).
  1890 | D:3      | 1890 ||| Stepping ~*~*~tactically~*~*~ (stealth).
  1963 | D:3      | 1963 ||| Stepping ~*~*~tactically~*~*~ (stealth).
  1964 | D:3      | 1964 ||| Stepping ~*~*~tactically~*~*~ (stealth).
  2052 | D:3      | Reached XP level 5. HP: 32/32 MP: 5/5
  2190 | D:3      | 2190 ||| Stepping ~*~*~tactically~*~*~ (stealth).
  2191 | D:3      | 2191 ||| Stepping ~*~*~tactically~*~*~ (stealth).
  2193 | D:3      | 2193 ||| Stepping ~*~*~tactically~*~*~ (stealth).
  2196 | D:3      | 2196 ||| Stepping ~*~*~tactically~*~*~ (stealth).
  2199 | D:3      | 2199 ||| Stepping ~*~*~tactically~*~*~ (stealth).
  2201 | D:3      | 2201 ||| Stepping ~*~*~tactically~*~*~ (hiding).
  2208 | D:3      | Reached skill level 5 in Axes
  2246 | D:3      | 2246 ||| DROPPING +0 whip.
  2270 | D:3      | 2270 ||| Stepping ~*~*~tactically~*~*~ (stealth).
  2271 | D:3      | 2271 ||| Stepping ~*~*~tactically~*~*~ (stealth).
  2381 | D:3      | 2381 ||| Stepping ~*~*~tactically~*~*~ (stealth).
  2409 | D:3      | Found a sacrificial altar of Ru.
  2409 | D:3      | Found an iron altar of Okawaru.
  2410 | D:3      | 2410 ||| PLANNING OKAWARU WORSHIP
  2410 | D:3      | 2410 ||| UPGRADING to +0 helmet.
  2415 | D:3      | 2415 ||| UPGRADING to +0 cloak.
  2420 | D:3      | 2420 ||| READING scroll labelled RAOLUN LIUPA.
  2421 | D:3      | 2421 ||| READING scroll labelled YMAYNO GARCHYGO.
  2422 | D:3      | 2422 ||| PLANNING D:1-11
  2422 | D:3      | 2422 ||| PLANNING OKAWARU WORSHIP
  2422 | D:3      | 2422 ||| PLANNING D:1-11
  2422 | D:3      | 2422 ||| PLANNING OKAWARU WORSHIP
  2422 | D:3      | 2422 ||| PLANNING D:1-11
  2756 | D:3      | Found a hide-covered altar of Uskayaw.
  2929 | D:3      | 2929 ||| READING 2 scrolls of identify.
  2929 | D:3      | 2929 ||| IDENTIFYING glowing golden potion
  2957 | D:4      | Noticed a phantom
  2971 | D:4      | Killed a phantom
  2972 | D:4      | Reached skill level 1 in Dodging
  2972 | D:4      | Reached XP level 6. HP: 38/38 MP: 6/6
  2991 | D:4      | HP: 6/38 [iguana (7)]
  2992 | D:4      | 2992 ||| READING 2 scrolls of teleportation.
  2993 | D:4      | HP: 1/38 [iguana (5)]
  2995 | D:4      | Slain by an iguana

Levels and vault maps discovered:
D:1:      tekkud_arrival_beachfront_property, layout_basic,
          ebering_ecumenical_altar_petrified, hangedman_decor_push,
          grunt_decor_one_mirror
D:2:      layout_basic
D:3:      layout_basic, general_overflow_altar, jmf_multi_god_temple,
          serial_undead, serial_undead_b, serial_undead_d, serial_undead_e,
          serial_undead_f, serial_undead_e, roderic_lattice_a, uniq_robin
D:4:      layout_cave_pods, serial_demonic, serial_demonic_g, serial_demonic_b,
          serial_demonic_c, serial_demonic_b, minmay_ruined_shrine

Skill      XL: |  1  2  3  4  5 |
---------------+----------------+-----
Axes           | 2 3 4 5 |  5.2
Fighting       | 4 |  4.0
Dodging        | 1 |  1.7
Armour         | |  3.2
Shields        | |  3.2

Action                     |  1- 3 |  4- 6 || total
---------------------------+-------+-------++-------
  Melee: War axe           |   104 |   172 ||   276
    Use: Scroll            |     3 |     8 ||    11
 Armour: Scale mail        |    72 |   158 ||   230
  Dodge: Dodged            |    54 |   100 ||   154
  Block: Buckler           |    28 |    40 ||    68

Table legend:
 A = Non-vault XP
 B = Vault XP
 C = Vault XP percentage of total XP
 D = Non-vault monster count
 E = Vault monster count
 F = Vault count percentage of total count
                 A         B        C        D         E       F
            +---------+---------+-------+---------+---------+-------
      Total |     311 |     176 |  36.1 |      54 |      25 |  31.6
            +---------+---------+-------+---------+---------+-------
        D:1 |      32 |       0 |   0.0 |      18 |       0 |   0.0
        D:2 |      62 |       0 |   0.0 |      17 |       0 |   0.0
        D:3 |     108 |      98 |  47.6 |      16 |      20 |  55.6
        D:4 |     109 |      78 |  41.7 |       3 |       5 |  62.5
            +---------+---------+-------+---------+---------+-------
